 Dungeon Crawl Stone Soup version 0.31-a0-1616-gbeaec30b81 (webtiles) character file.

Game seed: 9432993824387039188

60888 MacCMillion the Severer (level 14, -8/135 HPs)
             Began as a Minotaur Fighter on Jan 10, 2024.
             Was the Champion of Okawaru.
             Shot with an arrow by Nessos (17 damage)
             ... on level 2 of the Orcish Mines.
             The game lasted 00:41:23 (20781 turns).

MacCMillion the Severer (Minotaur Fighter)         Turns: 20781, Time: 00:41:24

Health: -8/135     AC: 30    Str: 25    XL:     14   Next: 58%
Magic:  20/20      EV: 13    Int:  5    God:    Okawaru [******]
Gold:   2844       SH:  4    Dex:  9    Spells: 13/13 levels left

rFire   + + +        a - +5 broad axe (freeze)
rCold   . . .        c - +0 buckler
rNeg    . . .        K - +10 plate armour of the Ego {rF+++ rCorr Dex-2}
rPois   .            w - +0 hat
rElec   .            r - +0 cloak
rCorr   +            (no gloves)
SInv    .            l - +0 pair of boots
Will    ++...        o - amulet of regeneration Stlth
                     N - +5 ring of evasion
HPRegen 1.22/turn    Y - ring of willpower
MPRegen 0.17/turn

%: no passive effects
@: hasted, very quick
A: horns 2, retaliatory headbutt
a: Renounce Religion, Heroism, Finesse, Duel


You were on level 2 of the Orcish Mines.
You worshipped Okawaru.
Okawaru was exalted by your worship.
You visited 4 branches of the dungeon, and saw 20 of its levels.
You also visited: Sewer and Bailey.

You collected 2844 gold pieces.

Inventory:

Hand Weapons
 a - a +5 broad axe of freezing (weapon)
 R - the +9 whip of the Grave {flame, *Rage +Blink SInv}
   (You found it on level 4 of the Dungeon)

   SInv:      It lets you see invisible.
   +Blink:    It lets you blink.
   *Rage:     It berserks you when you make melee attacks (+20% chance).
Missiles
 i - 103 poisoned darts (quivered)
 v - 4 throwing nets
 y - a curare-tipped dart
 C - 12 boomerangs
 M - 7 javelins
 Q - 15 silver javelins
 T - 2 atropa-tipped darts
 W - a datura-tipped dart
Armour
 c - a +0 buckler (worn)
 l - a +0 pair of boots (worn)
 r - a +0 cloak (worn)
 w - a +0 hat (worn)
 K - the +10 plate armour of the Ego (worn) {rF+++ rCorr Dex-2}
   (Okawaru gifted it to you on level 4 of the Lair of Beasts)

   Dex-2:     It affects your dexterity (-2).
   rF+++:     It renders you almost immune to fire.
   rCorr:     It protects you from acid and corrosion.
Jewellery
 o - an amulet of regeneration (around neck)
 t - the ring "Qugex" {Ice rPois Str+2 Int+3}
   (You found it on level 5 of the Lair of Beasts)

   [ring of ice]

   Ice:       It enhances your ice magic.
   Str+2:     It affects your strength (+2).
   Int+3:     It affects your intelligence (+3).
   rF-:       It makes you vulnerable to fire.
   rC+:       It protects you from cold.
   rPois:     It protects you from poison
 N - a +5 ring of evasion (left hand)
 V - an amulet of reflection
 Y - a ring of willpower (right hand)
Wands
 f - a wand of digging (2)
 n - a wand of paralysis (5)
 q - a wand of roots (12)
 F - a wand of flame (35)
 L - a wand of mindburst (10)
 U - a wand of polymorph (10)
Scrolls
 b - a scroll of poison
 g - 2 scrolls of identify
 h - 4 scrolls of teleportation
 m - 2 scrolls of amnesia
 p - 4 scrolls of fear
 x - 5 scrolls of enchant armour
 D - 5 scrolls of enchant weapon {unknown}
 G - 2 scrolls of vulnerability
 H - 2 scrolls of blinking {unknown}
 J - 3 scrolls of butterflies {unknown}
 P - a scroll of torment
 X - a scroll of immolation
 Z - 2 scrolls of fog {unknown}
Potions
 d - 6 potions of might
 e - 5 potions of curing
 j - a potion of invisibility
 k - 4 potions of enlightenment
 s - 4 potions of berserk rage
 u - 6 potions of attraction
 z - a potion of heal wounds {unknown}
 A - a potion of experience {unknown}
 B - 3 potions of haste
 E - 4 potions of lignification
 I - 3 potions of mutation
 O - 2 potions of ambrosia
 S - 2 potions of brilliance {unknown}


   Skills:
 - Level 15.0 Fighting
 - Level 18.0 Axes
 - Level 8.0 Throwing
 - Level 15.0 Armour
 - Level 2.0 Dodging
 - Level 4.0 Shields
 + Level 9.5 Invocations


You had 13 spell levels left.
You didn't know any spells.
Your spell library contained the following spells:

 Spells                   Type           Power      Damage    Failure   Level
 Magic Dart               Conj           0%         1d3       99%         1
 Necrotise                Necr           0%         1d4       99%         1
 Blink                    Tloc           0%         N/A       100%        2
 Cigotuvi's Dreadful Rot  Necr/Alch/Air  0%         N/A       100%        2
 Lesser Beckoning         Tloc           0%         N/A       100%        2
 Gell's Gravitas          Tloc           0%         N/A       100%        3
 Teleport Other           Tloc           0%         N/A       100%        3
 Vampiric Draining        Necr           0%         2d6       100%        3
 Dispel Undead            Necr           0%         3d6       100%        4
 Ignite Poison            Fire/Alch      0%         N/A       100%        4
 Sticky Flame             Fire/Alch      0%         2d4       100%        4
 Vhi's Electric Charge    Tloc/Air       0%         N/A       100%        4
 Arcjolt                  Conj/Air       0%         1d10      100%        5
 Curse of Agony           Necr           0%         N/A       100%        5
 Eringya's Noxious Bog    Alch           0%         4d6       100%        6
 Plasma Beam              Fire/Air       0%         2x1d10    100%        6
 Ozocubu's Refrigeration  Ice            0%         4d7       100%        7
 Ignition                 Fire           0%         3d3       100%        8
 Polar Vortex             Ice            0%         N/A       100%        9
 Call Imp                 Summ           Unusable   N/A       N/A         2
 Martyr's Knell           Necr/Summ      Unusable   N/A       N/A         4
 Summon Forest            Summ/Tloc      Unusable   N/A       N/A         5
 Death Channel            Necr           Unusable   N/A       N/A         6
 Sculpt Simulacrum        Ice/Alch       Unusable   N/A       N/A         6
 Summon Hydra             Summ           Unusable   N/A       N/A         7

Dungeon Overview and Level Annotations

Branches:
Dungeon (12/15)            Temple (1/1) D:7            Lair (5/5) D:9
 Shoals (0/4) Lair:3       Spider (0/4) Lair:3        Slime (0/5) Lair:5
    Orc (2/2) D:9           Sewer (visited)          Bailey (visited)
    Elf: Orc:2

Altars:
Ashenzari
Cheibriados
Dithmenos
Elyvilon
Fedhas
Gozag
Hepliaklqana
Kikubaaqudgha
Makhleb
Nemelex Xobeh
Okawaru
Qazlal
Ru
Sif Muna
Trog
Uskayaw
Vehumet
Wu Jian
Yredelemnul
The Shining One
Jiyva
Lugonu

Shops:
D:9 :   D:10 (

Portals:
Abyss: D:6

Annotations:
D:1 dig
Lair:2 exclusion: oklob plant
Orc:1 3 runed translucent doors, Qioq's ghost, journeyman SpHu
Orc:2 Nessos


Innate Abilities, Weirdness & Mutations

You have a pair of horns on your head.
You reflexively headbutt those who attack you in melee.


Message History

Nessos casts a spell.
Nessos blinks!
You feel sick.
Nessos says, "Even if you were a mare, I'd kill you!"
Nessos casts a spell.
Nessos blinks!
Nessos shoots an arrow.
The arrow hits you!
* * * LOW HITPOINT WARNING * * *
You feel better.
Nessos shoots an arrow.
The arrow barely misses you.
Nessos shoots an arrow.
The arrow closely misses you.
Nessos shoots an arrow.
The arrow hits you but does no damage.
As you read the scroll of fear, it crumbles to dust.
You assume a fearsome visage.
The orc sorcerer looks frightened!
Nessos seems to regain their courage.
Nessos says, "Study your classics!"
Nessos mumbles some strange words.
Nessos blinks!
Nessos casts a spell.
Nessos blinks!
Nessos shoots an arrow.
The arrow hits you.
* * * LOW HITPOINT WARNING * * *
You feel yourself speed up.
Nessos pounds the earth with their hooves.
Nessos shoots an arrow.
The arrow hits you but does no damage.
Nessos casts a spell.
Nessos blinks!
Nessos shoots an arrow.
The arrow hits you but does no damage.
Nessos shoots an arrow.
The arrow hits you!
* * * LOW HITPOINT WARNING * * *
You are poisoned.
You feel better.
Nessos gestures wildly while chanting.
Nessos blinks!
Nessos shoots an arrow.
The arrow hits you!
* * * LOW HITPOINT WARNING * * *
The arrow burns you.
* * * LOW HITPOINT WARNING * * *
Okay, then.
Nessos shoots an arrow.
The arrow hits you but does no damage.
Things that are here:
a +0 dire flail; a +0 plate armour; an orc corpse Nessos shoots an arrow.
The arrow hits you!
You die...

..................#....##
c....##.................#
.........c.............###
.........................#
.....#......)......##.....#
..........)..............##
................).........#
.........).....)))....#..##
.........).....)@).......#
..........#..)..........
........................
.....#..........#.......
.....................#.
......................
......................
......................


You could see Nessos (fast).

Vanquished Creatures
  An orc warlord (Bailey)
  Erolcha (Orc:2)
  7 hydras
  2 two-headed ogres
  4 catoblepae
  A deep troll shaman (Lair:5)
  A boulder beetle (Lair:5)
  8 death yaks
  Urug (Lair:4)
  3 skysharks
  4 harpies (Lair:3)
  A lindwurm (Lair:5)
  4 black mambas
  14 elephants
  2 molten gargoyles (Lair:3)
  2 torpor snails
  13 cane toads
  3 kobold demonologists (D:10)
  5 rime drakes
  An unseen horror (D:11)
  7 komodo dragons
  Psyche (D:9)
  4 trolls
  5 polar bears
  17 blink frogs
  A hornet (D:9)
  8 dream sheep (Lair:3)
  2 wraiths (D:11)
  A vampire (D:10)
  5 wyverns
  38 yaks
  7 basilisks
  Grum (D:8)
  A warg (Orc:1)
  2 steam dragons (D:9)
  2 vampire mosquitoes (D:11)
  Menkaure (D:7)
  13 water moccasins
  Duvessa (D:4)
  25 orc warriors
  2 sky beasts
  4 black bears
  An ice beast (D:7)
  2 centaurs
  A crocodile (Sewer)
  7 ogres
  7 wolves
  A phantom (D:6)
  15 kobold brigands
  A brain worm (Sewer)
  14 bullfrogs
  2 gnoll sergeants (D:9)
  7 scorpions
  15 wights
  Dowan (D:4)
  3 howler monkeys (D:11)
  An electric eel (D:6)
  A bombardier beetle (D:5)
  A jelly (D:7)
  5 lava snakes (Lair:3)
  3 hounds
  10 orc priests
  3 gnoll boudas
  2 sleepcaps (D:4)
  Ijyb (D:3)
  5 iguanas
  12 orc wizards
  4 hell rats (Lair:5)
  26 gnolls
  14 adders
  5 river rats (Sewer)
  3 shadow imps
  A white imp (D:6)
  2 ufetubi (D:6)
  A dart slug (D:5)
  7 ribbon worms
  41 orcs
  5 ball pythons
  12 bats
  6 endoplasms
  5 giant cockroaches
  21 goblins
  21 hobgoblins
  10 jackals
  5 quokkas
  7 frilled lizards
  25 kobolds
  9 rats
  A lurking horror (D:6)
578 creatures vanquished.

Vanquished Creatures (others)
  A basilisk (Lair:4)
1 creature vanquished.

Grand Total: 579 creatures vanquished

Notes
Turn   | Place    | Note
-------+----------+-------------------------------------------
     0 | D:1      | MacCMillion the Minotaur Fighter began the quest for the
                  | Orb.
     0 | D:1      | Reached XP level 1. HP: 19/19 MP: 0/0
    71 | D:1      | Reached XP level 2. HP: 26/27 MP: 1/1
    95 | D:1      | Found a faded altar of an unknown god.
   203 | D:1      | Reached skill level 1 in Dodging
   395 | D:1      | Reached skill level 3 in Axes
   833 | D:2      | Reached XP level 3. HP: 24/33 MP: 2/2
  1102 | D:2      | Reached skill level 4 in Axes
  1261 | D:2      | Reached XP level 4. HP: 38/40 MP: 3/3
  1441 | D:2      | Found an opulent altar of Gozag.
  1601 | D:2      | Reached skill level 5 in Axes
  2214 | D:3      | Noticed Ijyb
  2233 | D:3      | Killed Ijyb
  2234 | D:3      | Reached XP level 5. HP: 27/46 MP: 4/4
  2493 | D:4      | Reached skill level 6 in Axes
  2984 | D:4      | Identified the +9 whip of the Grave {flame, *Rage +Blink
                  | SInv}
  3038 | D:4      | Noticed Dowan
  3038 | D:4      | Noticed Duvessa
  3197 | D:4      | Killed Duvessa
  3198 | D:4      | Reached skill level 7 in Axes
  3198 | D:4      | Reached XP level 6. HP: 33/52 MP: 5/5
  3375 | D:4      | Reached skill level 8 in Axes
  3443 | D:4      | Killed Dowan
  3703 | D:5      | Entered Level 5 of the Dungeon
  3724 | D:5      | Reached XP level 7. HP: 36/58 MP: 6/6
  3749 | D:4      | Reached skill level 9 in Axes
  4412 | D:5      | Reached skill level 10 in Axes
  4750 | D:5      | Found a bloodstained altar of Trog.
  4752 | D:5      | Found a basalt altar of Yredelemnul.
  4777 | D:5      | Reached XP level 8. HP: 57/67 MP: 7/7
  5320 | D:6      | Reached skill level 5 in Fighting
  5320 | D:6      | Reached skill level 5 in Armour
  5513 | D:6      | Found a one-way gate to the infinite horrors of the Abyss.
  5515 | D:6      | Found a corrupted altar of Lugonu.
  5531 | D:6      | Found a glowing drain.
  5544 | D:6      | Reached skill level 11 in Axes
  5555 | Sewer    | Entered a sewer
  5961 | Sewer    | Reached XP level 9. HP: 73/78 MP: 5/8
  6177 | D:6      | Reached skill level 1 in Throwing
  6640 | D:7      | Found a sparkling altar of Nemelex Xobeh.
  7148 | D:7      | Found a staircase to the Ecumenical Temple.
  7209 | D:7      | Noticed Menkaure
  7212 | D:7      | Killed Menkaure
  7348 | D:7      | Reached skill level 12 in Axes
  7394 | Temple   | Entered the Ecumenical Temple
  7403 | Temple   | Became a worshipper of Warmaster Okawaru
  7519 | D:8      | Noticed Grum
  7523 | D:8      | Reached skill level 1 in Invocations
  7527 | D:8      | Killed Grum
  7591 | D:8      | Found a flagged portal.
  7605 | Bailey   | Entered a bailey
  7760 | Bailey   | Reached XP level 10. HP: 68/90 MP: 10/10
  7809 | Bailey   | Reached * piety under Okawaru
  7929 | Bailey   | Noticed an orc warlord
  8006 | Bailey   | Killed an orc warlord
  8036 | Bailey   | Acquired 1122 gold pieces
  8333 | D:8      | Reached skill level 13 in Axes
  8429 | D:8      | Reached ** piety under Okawaru
  8472 | D:8      | Reached skill level 10 in Armour
  8531 | D:8      | You fall into a shaft and drop 2 floors!
  8531 | D:10     | Entered Level 10 of the Dungeon
  8603 | D:10     | Reached skill level 10 in Fighting
  8659 | D:10     | Reached XP level 11. HP: 73/101 MP: 12/12
  9126 | D:10     | Reached *** piety under Okawaru
  9371 | D:10     | Found Zaffok's Weapon Boutique.
  9591 | D:10     | Reached skill level 14 in Axes
  9685 | D:9      | Found an opulent altar of Gozag.
  9885 | D:9      | Found a staircase to the Lair.
  9903 | D:9      | Found Kazajur's Book Shoppe.
  9910 | D:9      | Reached **** piety under Okawaru
 10048 | D:9      | Noticed Psyche
 10267 | D:9      | Killed Psyche
 10368 | D:9      | Noticed a two-headed ogre
 10414 | D:9      | Killed a two-headed ogre
 10528 | D:9      | Found a staircase to the Orcish Mines.
 11854 | D:11     | Noticed a two-headed ogre
 12315 | D:11     | Killed a two-headed ogre
 12480 | D:11     | Reached skill level 15 in Axes
 12785 | Lair:1   | Entered Level 1 of the Lair of Beasts
 12929 | Lair:1   | Reached XP level 12. HP: 113/113 MP: 13/13
 12994 | Lair:1   | Reached ***** piety under Okawaru
 13325 | Lair:1   | Received a gift from Okawaru
 13557 | Lair:1   | Noticed a catoblepas
 13569 | Lair:1   | Killed a catoblepas
 13700 | Lair:2   | Noticed a four-headed hydra
 14138 | Lair:2   | Killed a five-headed hydra
 14311 | Lair:2   | Reached skill level 16 in Axes
 14356 | Lair:2   | Noticed a death yak
 14356 | Lair:2   | Noticed a death yak
 14357 | Lair:2   | Noticed a death yak
 14357 | Lair:2   | Noticed a death yak
 14367 | Lair:2   | Noticed a death yak
 14383 | Lair:3   | Killed a death yak
 14390 | Lair:3   | Killed a death yak
 14390 | Lair:3   | Received a gift from Okawaru
 14676 | Lair:1   | Killed a death yak
 15398 | Lair:2   | Killed a death yak
 15401 | Lair:2   | Killed a death yak
 16439 | Lair:3   | Received a gift from Okawaru
 16455 | Lair:3   | Noticed a four-headed hydra
 16465 | Lair:3   | Killed a four-headed hydra
 16466 | Lair:3   | Reached XP level 13. HP: 124/124 MP: 14/14
 16613 | Lair:3   | Found a staircase to the Shoals.
 16914 | Lair:3   | Found a hole to the Spider Nest.
 16973 | Lair:3   | Identified the +0 leather armour "Unolligebb" {rElec rF+
                  | MP+9 Int+2}
 17247 | Lair:4   | Noticed Urug
 17328 | Lair:4   | Received a gift from Okawaru
 17374 | Lair:4   | Reached skill level 17 in Axes
 17621 | Lair:4   | Killed Urug
 17677 | Lair:4   | Reached skill level 15 in Armour
 17769 | Lair:3   | Reached skill level 5 in Throwing
 17778 | Lair:3   | Reached skill level 15 in Fighting
 18096 | Lair:4   | Received a gift from Okawaru
 18756 | Lair:5   | Entered Level 5 of the Lair of Beasts
 18788 | Lair:4   | Reached ****** piety under Okawaru
 18788 | Lair:4   | Received a gift from Okawaru
 18815 | Lair:4   | Acquired a +5 broad axe of freezing
 18815 | Lair:4   | Received a gift from Okawaru
 18820 | Lair:4   | Acquired the +10 plate armour of the Ego {rF+++ rCorr
                  | Dex-2}
 18820 | Lair:4   | Received a gift from Okawaru
 18850 | Lair:4   | Reached skill level 18 in Axes
 18885 | Lair:5   | Reached XP level 14. HP: 135/135 MP: 15/15
 18974 | Lair:5   | Reached skill level 5 in Invocations
 19096 | Lair:5   | Found a viscous altar of Jiyva.
 19097 | Lair:5   | Found a staircase to the Slime Pits.
 19186 | Lair:5   | Received a gift from Okawaru
 19815 | Lair:5   | Identified the ring "Qugex" {Ice rPois Str+2 Int+3}
 20023 | Orc:1    | Entered Level 1 of the Orcish Mines
 20125 | Orc:1    | Found a radiant altar of Vehumet.
 20527 | Orc:1    | Found a runed translucent gate.
 20527 | Orc:1    | Found a runed translucent gate.
 20527 | Orc:1    | Found a runed translucent gate.
 20529 | Orc:1    | Found an opulent altar of Gozag.
 20531 | Orc:1    | Noticed Qioq's ghost (journeyman SpHu)
 20626 | Orc:2    | Entered Level 2 of the Orcish Mines
 20626 | Orc:2    | Noticed Erolcha
 20629 | Orc:2    | Received a gift from Okawaru
 20637 | Orc:2    | Killed Erolcha
 20740 | Orc:2    | Noticed Nessos
 20777 | Orc:2    | HP: 6/135 [Nessos/arrow (1)]
 20781 | Orc:2    | Shot with an arrow by Nessos

Illustrated notes

Levels and vault maps discovered:
D:1:      saegor_arrival_under_anarchy, layout_basic,
          ebering_ecumenical_altar_box, due_unseen_surprise
D:2:      layout_loops_ring, basic_altar
D:3:      layout_loops_ring, uniq_ijyb
D:4:      layout_loops_cross, lexackson_kobold_supper, uniq_duvessa
D:5:      layout_basic, nicolae_overflow_hidden_temple,
          chequers_serial_rivers_micro_a, chequers_serial_rivers_micro_e,
          chequers_serial_rivers_room_b, minmay_misc_feat_ornament
D:6:      layout_gridville, gup_sewer_entry_glass, fountainhead,
          amcnicky_altar_lugonu_corruption
D:7:      layout_basic, mainiacjoe_overflow_boulevard,
          minmay_temple_entry_nine_rooms, uniq_menkaure
D:8:      minmay_spotlight, layout_loops_ring, enter_bailey_7,
          grunt_ministairs_15, uniq_grum
D:9:      layout_gridville, grunt_gozag_statues, david_lair_generic,
          kennysheep_orc_monster_closet_entryway, serial_shops, shop,
          uniq_psyche
D:10:     layout_basic, serial_shops, shop
D:11:     layout_layer_cave
D:12:     layout_loops_corners, hangedman_abyss_or_decor_slice,
          bh_walls_and_bars
Temple:   nicolae_temple_superstar
Lair:1:   layout_regular_city, grunt_megastairs_3
Lair:2:   layout_loops_ring, minivault_19
Lair:3:   cheibrodos_magma_flow, layout_misc_corridors,
          nicolae_shoals_entry_roost, nicolae_spider_entry_non_spiders
Lair:4:   regret_index_malice_mire, layout_regular_city, uniq_urug
Lair:5:   grunt_lair_end_beastmaster, layout_big_grid, slime_entry_1,
          minivault_25, roderic_batcave, chequers_serial_rivers_small_3,
          st_stairs_5
Orc:1:    layout_caves, basic_altar, ebering_ghost_gozag
Orc:2:    st_orc_ogre_mass, layout_caves, serial_shops, shop, special_room,
          uniq_erolcha, uniq_nessos

Skill      XL: |  1  2  3  4  5  6  7  8  9 10 11 12 13 14 |
---------------+-------------------------------------------+-----
Dodging        | 1 2 |  2.0
Shields        | 4 |  4.0
Axes           | 3 4 5 7 8 10 11 12 13 15 16 18 | 18.0
Fighting       | 4 6 8 10 12 14 15 | 15.0
Armour         | 4 6 8 10 12 14 15 | 15.0
Throwing       | 3 7 8 |  8.0
Invocations    | 2 3 9 |  9.5

Action                     |  1- 3 |  4- 6 |  7- 9 | 10-12 | 13-15 || total
---------------------------+-------+-------+-------+-------+-------++-------
  Melee: War axe           |    88 |   128 |   396 |   666 |   259 ||  1537
         Headbutt          |     5 |    17 |    65 |   146 |   115 ||   348
         Whip              |       |       |       |     7 |    32 ||    39
         Broad axe         |       |       |       |       |   225 ||   225
  Throw: Dart              |       |       |    13 |    16 |     2 ||    31
         Boomerang         |       |       |       |     4 |    10 ||    14
         Javelin           |       |       |       |     2 |       ||     2
 Invoke: Heroism           |       |       |       |     9 |     2 ||    11
         Receive Weapon    |       |       |       |       |     1 ||     1
         Receive Armour    |       |       |       |       |     1 ||     1
    Use: Potion            |       |       |     1 |     1 |     6 ||     8
         Scroll            |       |       |     9 |     3 |    12 ||    24
   Stab: Petrified         |       |       |       |       |     7 ||     7
         Distracted        |       |       |       |       |     1 ||     1
 Armour: Scale mail        |    26 |       |       |       |       ||    26
         Plate armour      |    48 |    95 |   253 |   513 |   468 ||  1377
  Dodge: Dodged            |    37 |    38 |   117 |   217 |   348 ||   757
  Block: Buckler           |    13 |    23 |    63 |   111 |    94 ||   304

Table legend: (Time is in decaauts)
 A = Elapsed time spent in this place.
 B = Non-inter-level travel time spent in this place.
 C = Inter-level travel time spent in this place.
 D = Time resting spent in this place.
 E = Time spent auto-exploring this place.
 F = Levels seen in this place.
 G = Mean time per level.
                   A        B        C        D        E       F      G
               +--------+--------+--------+--------+--------+-----+--------+
         Total |  20792 |  19401 |   1391 |   3575 |  11123 |  22 |  945.1 |
       Dungeon |  11955 |  11008 |    947 |   2286 |   6404 |  12 |  996.2 |
        Temple |     18 |     18 |      0 |      0 |      0 |   1 |   18.0 |
          Lair |   6823 |   6437 |    386 |   1052 |   3848 |   5 | 1364.6 |
  Orcish Mines |    735 |    679 |     56 |    114 |    395 |   2 |  367.5 |
         Sewer |    726 |    726 |      0 |      8 |    393 |   1 |  726.0 |
        Bailey |    533 |    533 |      0 |    115 |     82 |   1 |  533.0 |
               +--------+--------+--------+--------+--------+-----+--------+

Top non-repeatable levels by time:
  Lair:2: 1943 daAuts
    D:10: 1733 daAuts
  Lair:3: 1583 daAuts
     D:5: 1455 daAuts
     D:4: 1360 daAuts
    D:11: 1356 daAuts
  Lair:4: 1234 daAuts
  Lair:1: 1081 daAuts
     D:9: 1003 daAuts
  Lair:5: 981 daAuts
     D:2: 946 daAuts
     D:3: 899 daAuts
     D:7: 877 daAuts
     D:1: 838 daAuts
     D:8: 754 daAuts
